 Dungeon Crawl Stone Soup version 0.31.0-32-g396128a36d (webtiles) character file.

Game seed: 10744544410920620705

126863 AlmostFaded the Brawler (level 15, -3/161 HPs)
             Began as a Troll Delver on Apr 7, 2024.
             Was an Elder of Ru.
             Slain by a torpor snail (17 damage)
             ... on level 1 of the Spider Nest.
             The game lasted 01:53:00 (26675 turns).

AlmostFaded the Brawler (Troll Delver)             Turns: 26675, Time: 01:53:00

Health: -3/161     AC:  9    Str: 23 (24) XL:     15   Next: 44%
Magic:  0/14       EV: 17    Int:  1 (4)  God:    Ru [****..]
Gold:   1260       SH:  0    Dex: 16 (17) Spells: 14/14 levels left

rFire   . .          .
                       - Unarmed
rCold   . . .        (no shield)
rNeg    . . .        w - +0 steam dragon scales
rPois   +            y - +2 hat
rElec   .            V - scarf {repulsion}
rCorr   +            (gloves unavailable)
SInv    .            (boots unavailable)
Will    +....        d - amulet of regeneration
Stlth   ++           B - ring of resist corrosion
HPRegen 2.06/turn    R - ring of poison resistance
MPRegen 0.14/turn

%: repel missiles
@: confused, lethally poisoned (-3 -> -19), slowed, studying Long Blades, very
slow
A: large, unfitting armour, claws 3, dopey 1, regeneration 1, shaggy fur 1,
tough skin 1, hated by all, no fire magic, no hexes magic, no summoning magic,
inexperienced 1, no forms
a: Renounce Religion, Sacrifice Skill, Sacrifice Stealth, Sacrifice Resistance,
Reject Sacrifices, Draw Out Power, Power Leap


You were on level 1 of the Spider Nest.
You worshipped Ru.
Ru was greatly pleased with you.
You visited 6 branches of the dungeon, and saw 25 of its levels.
You also visited: Gauntlet.

You collected 2321 gold pieces.
You spent 1061 gold pieces at shops.

Inventory:

Hand Weapons
 L - a +2 whip of venom
Missiles
 A - 2 throwing nets (quivered)
Armour
 w - +0 steam dragon scales (worn)
 y - a +2 hat (worn)
 K - a +1 robe of fire resistance
 V - a scarf of repulsion (worn)
Jewellery
 d - an amulet of regeneration (around neck)
 h - a ring of see invisible
 j - a ring of positive energy
 t - a +4 ring of protection
 u - a ring of protection from cold
 B - a ring of resist corrosion (left claw)
 F - the ring "Maolemp" {Will+ MP+9}
   (You found it in a Gauntlet)

   [ring of magical power]

   Will+:     It increases your willpower.
   MP+9:      It affects your magic capacity (+9).
 H - the ring of Runiss {Will+ Str+6 Dex+3}
   (You found it in a Gauntlet)

   [ring of strength]

   Str+6:     It affects your strength (+6).
   Dex+3:     It affects your dexterity (+3).
   Will+:     It increases your willpower.
 M - a ring of flight
 R - a ring of poison resistance (right claw)
 S - a +4 ring of slaying
Wands
 f - a wand of digging (9)
 l - a wand of paralysis (7)
 D - a wand of flame (20)
 Q - a wand of polymorph (7)
 W - a wand of iceblast (11)
 Z - a wand of mindburst (12)
Scrolls
 a - a scroll of revelation
 b - 7 scrolls of fog
 g - 10 scrolls of teleportation
 p - 5 scrolls of amnesia
 q - 4 scrolls of immolation
 s - a scroll of butterflies
 v - 3 scrolls of poison
 C - 3 scrolls of brand weapon
 E - 2 scrolls of vulnerability
 O - a scroll of silence
 P - 4 scrolls of noise
 T - a scroll of enchant weapon
Potions
 e - 4 potions of haste
 i - 5 potions of degeneration
 k - 3 potions of brilliance
 m - 2 potions of enlightenment
 n - 11 potions of ambrosia
 o - 5 potions of curing
 x - 2 potions of magic
 z - a potion of attraction
 G - a potion of mutation
 Y - a potion of resistance


   Skills:
 + Level 13.6 Fighting
 - Level 2.0 Maces & Flails
 + Level 13.4 Dodging
 - Level 9.4 Stealth
 + Level 15.8 Unarmed Combat


You had 14 spell levels left.
You didn't know any spells.
Your spell library contained the following spells:

 Spells                   Type           Power      Damage    Failure   Level
 Sandblast                Erth           0%         2d4       56%         1
 Mercury Vapours          Alch/Air       0%         N/A       71%         2
 Static Discharge         Conj/Air       0%         3-3/arc   71%         2
 Frozen Ramparts          Ice            0%         1d1       91%         3
 Fugue of the Fallen      Necr           0%         N/A       91%         3
 Mephitic Cloud           Conj/Alch/Air  0%         N/A       91%         3
 Passwall                 Erth           0%         N/A       91%         3
 Stone Arrow              Conj/Erth      0%         3d7       91%         3
 Vampiric Draining        Necr           0%         2d6       91%         3
 Airstrike                Air            0%         2d(0-16)  100%        4
 Brom's Barrelling Bould  Conj/Erth      0%         2d3       100%        4
 Leda's Liquefaction      Alch/Erth      0%         N/A       100%        4
 Petrify                  Alch/Erth      0%         N/A       100%        4
 Curse of Agony           Necr           0%         N/A       100%        5
 Freezing Cloud           Conj/Ice/Air   0%         6-21      100%        5
 Iskenderun's Battlesphe  Conj           0%         2d6       100%        5
 Bombard                  Conj/Erth      0%         9d1       100%        6
 Slow                     Hex            Unusable   N/A       N/A         1
 Ensorcelled Hibernation  Hex/Ice        Unusable   N/A       N/A         2
 Jinxbite                 Hex            Unusable   N/A       N/A         2
 Confusing Touch          Hex            Unusable   N/A       N/A         3
 Dazzling Flash           Conj/Hex       Unusable   N/A       N/A         3
 Inner Flame              Hex/Fire       Unusable   N/A       N/A         3
 Sigil of Binding         Hex            Unusable   N/A       N/A         3
 Anguish                  Hex/Necr       Unusable   N/A       N/A         4
 Flame Wave               Conj/Fire      Unusable   2d4       N/A         4
 Sticky Flame             Fire/Alch      Unusable   2d4       N/A         4
 Summon Lightning Spire   Summ/Air       Unusable   N/A       N/A         4
 Metabolic Englaciation   Hex/Ice        Unusable   N/A       N/A         5
 Silence                  Hex/Air        Unusable   N/A       N/A         5
 Yara's Violent Unravell  Hex/Alch       Unusable   3d3       N/A         5
 Enfeeble                 Hex            Unusable   N/A       N/A         7
 Spellforged Servitor     Conj/Summ      Unusable   N/A       N/A         7

Dungeon Overview and Level Annotations

Branches:
Dungeon (12/15)            Temple (1/1) D:4            Lair (5/5) D:10
  Swamp (4/4) Lair:3       Spider (1/4) Lair:2        Slime (0/5) Lair:5
    Orc (2/2) D:11            Elf (0/3) Orc:2       Gauntlet (visited)

Altars:
Ashenzari
Cheibriados
Dithmenos
Elyvilon
Gozag
Kikubaaqudgha
Makhleb
Nemelex Xobeh
Okawaru
Qazlal
Ru
Sif Muna
Trog
Uskayaw
Vehumet
Wu Jian
Xom
Zin
The Shining One

Shops:
D:9 !   Orc:1 ?   Orc:2 [*[[

Annotations:
Lair:1 exclusions: boulder beetle, komodo dragon and 4 yaks
Lair:2 Gastronok
Swamp:1 exclusion: bunyip, Nikola
Swamp:3 exclusions: eleionoma and ghost crab, Bai Suzhen
Swamp:4 exclusion: ghost crab, Lernaean hydra


Innate Abilities, Weirdness & Mutations

You are too large for most types of armour.
You have claws for hands.
You are dopey. (Int -2)
Your natural rate of healing is unusually fast.
You are covered in fur. (AC +1)
You have tough skin. (AC +1)
You are hated by all.
You cannot study or cast Fire magic.
You cannot study or cast Hexes magic.
You cannot study or cast Summoning magic.
You are somewhat inexperienced. (-1 XL)
You cannot voluntarily change form.


Message History

The redback closely misses you. The tarantella completely misses you.
The redback closely misses you.
The redback bites you but does no damage.
The redback bites you. Something hits you.
You feel dopey. Something hits you but does no damage. Something stings you.
You feel dopey.
The redback bites you but does no damage.
The tarantella completely misses you. The redback barely misses you.
The torpor snail bites you!
The redback bites you but does no damage.
The redback misses you.
You feel you are being watched by something.
You feel your power leaking away. The redback closely misses you.
Unknown command.
Unknown command.
The tarantella touches you.
The redback bites you but does no damage.
The redback bites you.
* * * LOW HITPOINT WARNING * * *
The redback barely misses you.
You redirect the redback's attack!
The redback barely misses the tarantella.
The tarantella touches you but does no damage.
The redback bites you!
* * * LOW HITPOINT WARNING * * *
You feel you are being watched by something.
Something hits you!
* * * LOW HITPOINT WARNING * * *
You feel clumsy. Something hits you but does no damage. Something stings you.
* * * LOW HITPOINT WARNING * * *
The redback bites you.
* * * LOW HITPOINT WARNING * * *
You are lethally poisoned!
The redback poisons you! The redback bites you.
* * * LOW HITPOINT WARNING * * *
The jumping spider leaps!
The torpor snail bites you!
You die...

####### ## ###sw#..##
#.. #..{@s#..####
...##s#ssss^#.#.##
...#.ssss....#..##
#^.#.°....#....#
#..##.°..##.#....##
#>...s.#..##..#.####
...#..#......#...#..#
...##...§.##....#...#
.#....#.#.......#....#


You could see a torpor snail, a demonic crawler, an orb spider (charged), 2
jumping spiders, 4 tarantellas and 4 redbacks.

Vanquished Creatures
  A tentacled monstrosity (Swamp:3)
  A thorn hunter (Swamp:2)
  A fenstrider witch (Swamp:4)
  An orc warlord (Orc:1)
  7 bunyips
  5 eleionomae
  A minotaur (Gauntlet)
  A spark wasp (Spider:1)
  Snorg (D:11)
  An entropy weaver (Lair:2)
  A shambling mangrove (Swamp:2)
  11 hydras
  A ghost crab (Swamp:3)
  A boulder beetle (Spider:1)
  4 ogre magi (Orc:2)
  13 alligators
  13 two-headed ogres
  A hell hog (Lair:4)
  A demonic crawler (Lair:2)
  A wretched star (Gauntlet)
  8 spriggans (Swamp:2)
  5 skeletal warriors (D:12)
  A skyshark (Lair:4)
  2 pharaoh ants (Lair:2)
  2 spriggan druids (Swamp:2)
  10 goliath frogs
  7 swamp dragons
  An obsidian statue (Gauntlet)
  4 bog bodies
  3 cyclopes
  An orc sorcerer (Orc:1)
  7 will-o-the-wisps
  9 wolf spiders
  2 manticores
  3 elephants (Lair:5)
  14 black mambas
  3 meliai (Lair:4)
  3 kobold blastminers
  A guardian serpent (Lair:5)
  A gargoyle (D:12)
  17 cane toads
  Maggie (D:6)
  The ghost of ilwentz the Magician, a novice DjWn (D:5)
  An unseen horror (D:10)
  2 kobold demonologists (D:12)
  3 rime drakes
  4 komodo dragons
  Jeremiah (D:8)
  A queen bee (Lair:4)
  3 trolls
  9 tyrant leeches
  Prince Ribbit (D:6)
  A tarantella (Lair:2)
  14 polar bears
  3 raiju (Lair:5)
  8 hornets
  7 dream sheep (Lair:3)
  7 blink frogs
  2 jumping spiders (Lair:2)
  5 culicivoras (Lair:2)
  A shadow (D:11)
  11 wyverns
  44 yaks
  A basilisk (D:12)
  2 steam dragons
  6 wargs
  13 vampire mosquitoes
  12 redbacks
  An acid dragon (D:9)
  3 small abominations (Gauntlet)
  7 swamp worms
  Menkaure (D:6)
  26 water moccasins
  14 hell hounds (Lair:5)
  13 black bears
  9 orc warriors
  10 swamp drakes
  4 ice beasts
  29 ogres
  3 centaurs
  31 wolves
  A phantom (D:4)
  6 kobold brigands
  9 bullfrogs
  2 gnoll sergeants
  A scorpion (D:5)
  5 wights (D:8)
  27 killer bees
  3 howler monkeys (D:9)
  2 bombardier beetles
  A gnoll bouda (D:6)
  2 hounds
  8 jellies (Lair:5)
  12 orc priests
  Terence (D:2)
  3 sleepcaps
  An iguana (D:4)
  15 orc wizards
  9 gnolls
  5 adders
  2 shadow imps
  2 white imps
  2 ufetubi (D:5)
  3 ribbon worms
  A dart slug (D:4)
  45 orcs
  11 bats
  12 endoplasms
  3 giant cockroaches
  7 hobgoblins
  8 jackals
  4 quokkas
  4 ball pythons
  6 frilled lizards
  8 goblins
  29 kobolds
  6 rats
752 creatures vanquished.

Vanquished Creatures (others)
  A wolf spider (Spider:1)
  A hornet (Swamp:2)
  A redback (Spider:1)
  An orc priest (Orc:2)
  An orc wizard (D:10)
  5 kobolds
  8 foxfires
18 creatures vanquished.

Grand Total: 770 creatures vanquished

Notes
Turn   | Place    | Note
-------+----------+-------------------------------------------
     0 | D:5      | AlmostFaded the Troll Delver began the quest for the Orb.
     0 | D:5      | Reached XP level 1. HP: 22/22 MP: 0/0
     5 | D:5      | Noticed an ogre
    89 | D:4      | Found a staircase to the Ecumenical Temple.
   100 | Temple   | Entered the Ecumenical Temple
   110 | Temple   | Became a worshipper of Ru the Awakened
   195 | D:3      | Noticed an orc priest
   271 | D:3      | Reached XP level 2. HP: 29/29 MP: 1/1
   332 | D:2      | Noticed Terence
   343 | D:2      | Killed Terence
   344 | D:2      | Reached XP level 3. HP: 32/36 MP: 2/2
   704 | D:1      | Reached XP level 4. HP: 44/44 MP: 3/3
  1494 | D:3      | Found a shadowy altar of Dithmenos.
  1522 | D:3      | Reached skill level 3 in Unarmed Combat
  1577 | D:3      | Reached XP level 5. HP: 49/53 MP: 4/4
  2073 | D:4      | Noticed a phantom
  2423 | D:4      | Found a shimmering altar of Xom.
  2641 | D:4      | Reached XP level 6. HP: 61/61 MP: 5/5
  2841 | D:5      | Noticed a yak
  2888 | D:5      | Killed a yak
  2889 | D:5      | Reached skill level 4 in Unarmed Combat
  2889 | D:5      | Reached XP level 7. HP: 61/68 MP: 6/6
  3307 | D:5      | Found a burning altar of Makhleb.
  3330 | D:5      | Found a runed translucent gate.
  3331 | D:5      | Found a runed translucent gate.
  3332 | D:5      | Found a runed translucent gate.
  3333 | D:5      | Noticed ilwentz's ghost (novice DjWn)
  3537 | D:5      | Identified the +8 ring mail "Epiuje" {rElec rN+ Str-5}
  3684 | D:6      | Noticed Prince Ribbit
  3695 | D:6      | Reached skill level 5 in Unarmed Combat
  3695 | D:6      | Reached XP level 8. HP: 79/79 MP: 7/7
  3907 | D:6      | Noticed Menkaure
  3944 | D:6      | Killed Menkaure
  3947 | D:6      | Reached skill level 5 in Fighting
  4281 | D:6      | Noticed Maggie
  4295 | D:6      | Killed Maggie
  4296 | D:6      | Reached skill level 5 in Dodging
  4296 | D:6      | Reached skill level 6 in Unarmed Combat
  4758 | D:6      | Killed Prince Ribbit
  4759 | D:6      | Reached XP level 9. HP: 61/88 MP: 8/8
  4919 | D:7      | Found a radiant altar of Vehumet.
  5081 | D:7      | Found a blossoming altar of Fedhas.
  5084 | D:7      | Found an ancient bone altar of Kikubaaqudgha.
  5461 | D:7      | Noticed a two-headed ogre
  5863 | D:8      | Reached skill level 5 in Stealth
  5874 | D:8      | Paralysed by a hornet for 2 turns
  5882 | D:8      | Reached skill level 7 in Unarmed Combat
  5947 | D:8      | Noticed Jeremiah
  5965 | D:8      | Killed Jeremiah
  6542 | D:8      | Reached XP level 10. HP: 99/100 MP: 9/9
  6552 | D:8      | Gained mutation: You cannot voluntarily change form. [Ru
                  | sacrifice]
  6866 | D:5      | Killed ilwentz's ghost
  7534 | D:9      | Reached skill level 8 in Unarmed Combat
  7592 | D:9      | Found a hide-covered altar of Uskayaw.
  7732 | D:9      | Found Wucuwon's Distillery.
  7768 | D:9      | Bought a potion of heal wounds for 85 gold pieces
  7768 | D:9      | Bought a potion of might for 68 gold pieces
  7768 | D:9      | Bought a potion of berserk rage for 85 gold pieces
  8107 | D:10     | Entered Level 10 of the Dungeon
  8186 | D:10     | Found a staircase to the Lair.
  8426 | D:10     | Noticed a two-headed ogre
  8657 | D:9      | Bought a potion of curing for 51 gold pieces
  8657 | D:9      | Bought a potion of curing for 51 gold pieces
  8714 | Lair:1   | Entered Level 1 of the Lair of Beasts
  8810 | Lair:1   | Noticed a black mamba
  8841 | D:10     | Killed a black mamba
  8896 | Lair:1   | Reached XP level 11. HP: 109/109 MP: 10/10
  8961 | Lair:1   | Gained mutation: You are dopey. (Int -2) [Ru sacrifice]
  9112 | Lair:1   | Noticed a boulder beetle
  9183 | Lair:1   | Reached skill level 9 in Unarmed Combat
 10333 | Lair:2   | Reached skill level 10 in Unarmed Combat
 10571 | Lair:2   | Found a hole to the Spider Nest.
 10990 | Lair:3   | Found a gate leading to a gauntlet.
 10995 | Gauntlet | Entered a Gauntlet
 10995 | Gauntlet | Found a transporter.
 10998 | Gauntlet | Found a transporter.
 10998 | Gauntlet | Noticed a large abomination
 11014 | Gauntlet | Found a transporter.
 11018 | Gauntlet | Found a transporter.
 11023 | Gauntlet | Noticed a death scarab
 11029 | Gauntlet | Noticed a death scarab
 11036 | Gauntlet | Found a transporter.
 11049 | Gauntlet | Found a transporter.
 11050 | Gauntlet | Noticed a wretched star
 11062 | Gauntlet | Found a transporter.
 11080 | Gauntlet | Found a transporter.
 11084 | Gauntlet | Found a transporter.
 11092 | Gauntlet | Found a transporter.
 11117 | Gauntlet | Found a transporter.
 11119 | Gauntlet | Found a transporter.
 11120 | Gauntlet | Noticed an obsidian statue
 11199 | Gauntlet | Killed an obsidian statue
 11200 | Gauntlet | Reached XP level 12. HP: 111/122 MP: 11/11
 11202 | Gauntlet | Identified the ring "Maolemp" {Will+ MP+9}
 11241 | Gauntlet | Identified the ring of Runiss {Will+ Str+6 Dex+3}
 11254 | Gauntlet | Noticed a minotaur
 11263 | Gauntlet | Killed a minotaur
 11589 | Lair:3   | Noticed a six-headed hydra
 11707 | Lair:3   | Found a staircase to the Swamp.
 11707 | Lair:3   | Noticed an alligator
 11827 | Lair:3   | Reached skill level 11 in Unarmed Combat
 13081 | Lair:4   | Reached XP level 13. HP: 113/133 MP: 12/12
 13174 | Lair:3   | You fall into a shaft and drop 2 floors!
 13174 | Lair:5   | Entered Level 5 of the Lair of Beasts
 13354 | Lair:5   | Reached skill level 10 in Fighting
 13427 | Lair:5   | Paralysed by a hornet for 2 turns
 13439 | Lair:5   | Reached skill level 10 in Dodging
 13487 | Lair:5   | Found a viscous altar of Jiyva.
 13489 | Lair:5   | Found a staircase to the Slime Pits.
 13684 | Lair:4   | Gained mutation: You cannot study or cast Fire magic. [Ru
                  | sacrifice]
 13684 | Lair:4   | Gained mutation: You cannot study or cast Hexes magic. [Ru
                  | sacrifice]
 13684 | Lair:4   | Gained mutation: You cannot study or cast Summoning magic.
                  | [Ru sacrifice]
 13684 | Lair:4   | Reached * piety under Ru
 14276 | Lair:5   | Reached skill level 12 in Unarmed Combat
 14722 | Lair:5   | Identified the +0 robe of Ru {Harm rElec rC+ Dex+2}
 15669 | D:11     | Noticed Snorg
 15800 | D:11     | Reached skill level 1 in Maces & Flails
 16211 | D:11     | Found a staircase to the Orcish Mines.
 16632 | Lair:2   | Noticed Gastronok
 16809 | Lair:3   | Reached XP level 14. HP: 116/144 MP: 13/13
 17733 | Lair:5   | Gained mutation: You are hated by all. [Ru sacrifice]
 17733 | Lair:5   | Reached ** piety under Ru
 17795 | Lair:5   | Identified the +7 arbalest of Defiance {penet, rPois rC-
                  | Str+3}
 18395 | D:12     | Reached skill level 13 in Unarmed Combat
 19449 | D:11     | Killed Snorg
 19506 | Orc:1    | Entered Level 1 of the Orcish Mines
 19574 | Orc:1    | Found Gezen's Magic Scroll Boutique.
 19579 | Orc:1    | Bought a scroll of blinking for 112 gold pieces
 19634 | Orc:2    | Entered Level 2 of the Orcish Mines
 19639 | Orc:2    | Found a staircase to the Elven Halls.
 19783 | Orc:2    | Noticed an orc warlord
 19817 | Orc:1    | Killed an orc warlord
 19909 | Orc:2    | Found a shimmering blue altar of Sif Muna.
 20599 | Orc:2    | Found Zoprusep's Assorted Antiques.
 20599 | Orc:2    | Found Kupaxos's Antique Armour Shoppe.
 20600 | Orc:2    | Found Uroeg's Antique Armour Emporium.
 20600 | Orc:2    | Found Xiruocoq's Armour Shop.
 20610 | Orc:2    | Bought a bloodstained robe for 165 gold pieces
 20610 | Orc:2    | Identified the +0 robe "Cezuhergh" {Harm rC+} (You bought
                  | it in a shop on level 2 of the Orcish Mines)
 20624 | Orc:2    | Bought a potion of heal wounds for 140 gold pieces
 20625 | Orc:2    | Bought an embroidered scarf for 304 gold pieces
 20962 | Orc:2    | Reached XP level 15. HP: 141/156 MP: 14/14
 21333 | Swamp:1  | Entered Level 1 of the Swamp
 21477 | Swamp:1  | Noticed Nikola
 21590 | Swamp:1  | You fall into a shaft and drop 1 floor!
 21652 | Swamp:2  | Reached skill level 14 in Unarmed Combat
 23261 | Swamp:2  | Noticed a thorn hunter
 23599 | Swamp:2  | Killed a thorn hunter
 23797 | Swamp:2  | Reached skill level 15 in Unarmed Combat
 24071 | Swamp:3  | Gained mutation: You are somewhat inexperienced. (-1 XL)
                  | [Ru sacrifice]
 24071 | Swamp:3  | Reached XP level 14. HP: 139/153 MP: 13/13
 24071 | Swamp:3  | Reached *** piety under Ru
 24071 | Swamp:3  | Reached **** piety under Ru
 24252 | Swamp:3  | Reached XP level 15. HP: 116/159 MP: 14/14
 24573 | Swamp:3  | Noticed Bai Suzhen
 24788 | Swamp:3  | Found the +7 lajatang of Order {silver, rMut}
 24789 | Swamp:3  | Noticed a tentacled monstrosity
 24816 | Swamp:3  | Killed a tentacled monstrosity
 24978 | Swamp:4  | Entered Level 4 of the Swamp
 25780 | Swamp:4  | Noticed the 27-headed Lernaean hydra
 26301 | Spider:1 | Entered Level 1 of the Spider Nest
 26675 | Spider:1 | Slain by a torpor snail

Illustrated notes

Levels and vault maps discovered:
D:1:      minmay_arrival_split_and_join, layout_rooms
D:2:      layout_rooms, minivault_23, uniq_terence
D:3:      layout_basic, mainiacjoe_overflow_alcove_1
D:4:      layout_basic, kennysheep_mini_moat, minmay_temple_entry_wispy,
          kennysheep_opposing_triangles
D:5:      layout_basic, general_overflow_altar, enter_ossuary_1,
          biasface_ghost_orc_armoury, eino_curves_02, minmay_manual_mail
D:6:      layout_basic, minmay_misc_feat_iff, nicolae_benzene_ring,
          uniq_prince_ribbit1, uniq_maggie, uniq_menkaure
D:7:      layout_basic, mainiacjoe_overflow_catwalk,
          grunt_temple_overflow_growth_and_decay
D:8:      layout_basic, uniq_jeremiah
D:9:      layout_basic, mainiacjoe_overflow_tiny_flanked, serial_shops,
          nicolae_diamond_shop
D:10:     layout_rooms, erik_lair_orcish_takeover
D:11:     layout_cave_pools, minmay_orc_entry_temple_small, uniq_snorg
D:12:     layout_basic
Temple:   nicolae_temple_no_exploring_needed
Lair:1:   layout_chaotic_city, serial_forest, infiniplex_forest_end_2,
          infiniplex_forest_end_1, infiniplex_forest_lined_corner,
          infiniplex_forest_lined_3_way, infiniplex_forest_straight_3,
          infiniplex_forest_lined_3, infiniplex_forest_straight_4
Lair:2:   layout_roguey, nicolae_spider_entry_tight_spaces, grunt_megastairs_4,
          serial_bayou_shore_a, infiniplex_staircase_pool, uniq_gastronok
Lair:3:   layout_chaotic_city, mainiacjoe_swamp_entry_lozenge_pond,
          gauntlet_entry_generic, grunt_megastairs_3
Lair:4:   layout_gridlike, special_room [special_room_bee],
          infiniplex_staircase_pool_2
Lair:5:   hangedman_lair_caniforms_friends, layout_regular_city,
          hangedman_lair_tendril_chambers, minmay_slime_entry_jelly_boxes
Swamp:1:  layout_basic_swamp, nicolae_swamp_ascending_descending, st_swamp_mini,
          uniq_nikola
Swamp:2:  nzn_winding_woodlands_medium [nzn_winding_woodlands_5x5_default,
          nzn_winding_woodlands_5x15_pockets, nzn_winding_woodlands_5x5_cross,
          nzn_winding_woodlands_5x5_checkerboard,
          nzn_winding_woodlands_center_garden,
          nzn_winding_woodlands_5x5_open_star, nzn_winding_woodlands_hourglass,
          nzn_winding_woodlands_5x15_sidewinder,
          nzn_winding_woodlands_5x5_closed_star], layout_falls_marsh,
          hangedman_swamp_ruin_wall, swamp_pool_5, st_swamp_ruins_2
Swamp:3:  cheibrodos_swamp_monstrosity, layout_basic_swamp, serial_swamp_ruin,
          evilmike_swamp_ruin_rubble_2, evilmike_swamp_ruin_rubble_1,
          uniq_bai_suzhen
Swamp:4:  swamp_old_school, layout_basic_swamp, swamp_pool_5
Spider:1: layout_spider_delve
Orc:1:    layout_caves, serial_shops, nicolae_shop_hallway_plus
Orc:2:    st_orc_ogre_mass, layout_caves, basic_altar, kennysheep_orc_sif_temple

Skill      XL: |  1  2  3  4  5  6  7  8  9 10 11 12 13 14 15 |
---------------+----------------------------------------------+-----
Dodging        | 2 3 4 5 6 7 8 9 10 11 13 | 13.4
Stealth        | 3 4 5 6 7 8 9 |  9.4
Fighting       | 3 4 5 6 7 8 9 10 11 13 | 13.6
Unarmed Combat | 3 4 5 6 7 8 10 11 12 13 15 | 15.8
Maces & Flails | 1 2 |  2.0

Action                     |  1- 3 |  4- 6 |  7- 9 | 10-12 | 13-15 || total
---------------------------+-------+-------+-------+-------+-------++-------
  Melee: Unarmed           |    81 |   178 |   282 |   702 |  1261 ||  2504
         Punch             |     2 |     1 |     6 |    44 |   144 ||   197
         Whip              |       |       |       |       |    75 ||    75
 Invoke: Reject Sacrifices |       |     2 |       |     1 |       ||     3
         Sacrifice Forms   |       |       |       |     1 |       ||     1
         Sacrifice Purity  |       |       |       |     1 |       ||     1
         Sacrifice Arcana  |       |       |       |       |     1 ||     1
         Sacrifice Love    |       |       |       |       |     1 ||     1
         Sacrifice Experie |       |       |       |       |     1 ||     1
         Power Leap        |       |       |       |       |     3 ||     3
  Evoke: Wand              |       |       |       |     6 |    11 ||    17
         Sack of spiders   |       |       |       |       |     1 ||     1
    Use: Scroll            |     3 |     3 |     4 |    10 |    20 ||    40
         Potion            |       |       |     1 |     8 |    12 ||    21
   Stab: Sleeping          |     3 |     9 |     6 |     8 |    22 ||    48
         Distracted        |       |     1 |     1 |     4 |    14 ||    20
         Invisible         |       |       |       |       |     3 ||     3
 Armour: Robe              |    56 |    90 |   103 |       |   383 ||   632
         Steam dragon scal |       |       |    97 |   573 |   792 ||  1462
         Skin              |       |       |       |       |     8 ||     8
  Dodge: Dodged            |    43 |    82 |   161 |   526 |  1121 ||  1933
         Repelled          |       |       |       |       |     9 ||     9
